 Dungeon Crawl Stone Soup version 0.28-a0-1002-gf00fe891ef (webtiles) character file.

Game seed: 5173951717973489100

52 ytrimaz the Scratcher (level 3, 0/13 HPs)
             Began as a Felid Chaos Knight on Dec 7, 2021.
             Was a Plaything of Xom.
             Slain by a goblin (6 damage)
             ... led by Robin
             ... on level 2 of the Dungeon.
             The game lasted 00:01:48 (2056 turns).

ytrimaz the Scratcher (Felid Chaos Knight)          Turns: 2056, Time: 00:01:50

Health: 0/13       AC:  1    Str: 14    XL:     3   Next: 60%
Magic:  4/4        EV: 18    Int: 15    God:    Xom [.*....]
Gold:   67         SH:  0    Dex: 15    Spells: 2/2 levels left
                                        Lives:  0   Deaths: 0

rFire   . . .      SeeInvis +     - Unarmed
rCold   . . .      Faith    .   (shield unavailable)
rNeg    . . .      Spirit   .   (armour unavailable)
rPois   .          Reflect  .   (helmet unavailable)
rElec   .          Harm     .   (cloak unavailable)
rCorr   .          Rampage  .   (gloves unavailable)
Will    .....                   (boots unavailable)
Stlth   ++........              (no amulet)
HPRegen 0.04/turn               b - +6 ring of strength
MPRegen 0.09/turn               (no ring)

@: flying, unable to read, quick
A: very small, claws 1, fangs 3, see invisible, speed 1, shaggy fur 1, stealthy
paws, no weapons or thrown items, no armour, multi-lived, antennae 1, frail 2,
screaming 1, inability to read while threatened
a: Renounce Religion


You were on level 2 of the Dungeon.
You worshipped Xom.
You were a plaything of Xom.
You visited 1 branch of the dungeon, and saw 2 of its levels.

You collected 67 gold pieces.

Inventory:

Jewellery
 a - a ring of magical power
 b - a +6 ring of strength (left paw)
Scrolls
 d - a scroll of amnesia {unknown}
Potions
 e - a potion of heal wounds


   Skills:
 + Level 3.4 Fighting
 + Level 3.5 Dodging
 * Level 2.2 Stealth
 + Level 3.7 Unarmed Combat


You had 2 spell levels left.
You didn't know any spells.
Your spell library was empty.

Dungeon Overview and Level Annotations

Branches:
Dungeon (2/15)

Altars:

Annotations:
D:2 Robin


Innate Abilities, Weirdness & Mutations

You have sharp claws.
You have razor-sharp teeth.
You have supernaturally acute eyesight. (SInv)
You cover ground quickly. (Speed+)
You are covered in fur. (AC +1)
Your paws help you pounce on unaware monsters.
You are incapable of wielding weapons or throwing items.
You cannot wear armour.
You gain extra lives every three experience levels.
You have a pair of small antennae on your head.
You are very frail. (-20% HP)
You occasionally shout uncontrollably at your foes.
You sometimes lose the ability to read scrolls when taking damage.


Message History

The hobgoblin barely misses you.
You scratch the hobgoblin. You bite the hobgoblin.
The hobgoblin is heavily wounded.
The hobgoblin closely misses you.
You closely miss the hobgoblin. You claw the hobgoblin. You bite the hobgoblin.
You kill the hobgoblin!
You barely miss the goblin. You bite the goblin.
The goblin is severely wounded.
The goblin closely misses you.
A goblin comes into view. It is wielding a +0 dagger.
The goblin misses you.
You barely miss the goblin. The goblin hits you with a +0 dagger.
The goblin misses you.
You barely miss the goblin.
The goblin is severely wounded.
The goblin hits you with a +0 dagger.
You feel threatened and lose the ability to read scrolls!
The goblin closely misses you.
You scratch the goblin.
You kill the goblin!
A hobgoblin comes into view.
You yowl at the hobgoblin!
You hear a shout!
You yowl at the hobgoblin! 3 goblins and a hobgoblin come into view.
You can read scrolls again.
The goblin shouts! x2
You see here a +0 dagger.
Robin throws the goblin at you!
You feel threatened and lose the ability to read scrolls!
The goblin completely misses you. The goblin closely misses you. x2
You see here a +0 dagger.
You scratch the goblin.
The goblin is moderately wounded.
The goblin barely misses you.
Robin roars a battlecry!
The goblins go into a battle-frenzy!
The goblin completely misses you. The goblin hits you with a +0 club.
You die...
Xom giggles madly!

####### .......
....[.. ..:....
.......########
#gg)....#
#@#####.#
#ggSg.#.#.#
#ggg..#.#.#
#g.g..#.#.#
#.....#.#.######.
#.#.#.#.#........
#.#.#.#.#........
#.#.# #.#........
{#..........


You could see Robin, 2 hobgoblins, 7 goblins and a ball python.

Vanquished Creatures
  2 dart slugs
  3 ball pythons (D:1)
  4 endoplasms (D:1)
  5 giant cockroaches
  3 goblins (D:2)
  4 hobgoblins
  5 jackals (D:1)
  2 quokkas (D:1)
  5 bats (D:1)
  2 frilled lizards (D:1)
  4 kobolds
  2 rats (D:1)
41 creatures vanquished.

Notes
Turn   | Place    | Note
-------+----------+-------------------------------------------
     0 | D:1      | ytrimaz the Felid Chaos Knight began the quest for the Orb.
     0 | D:1      | Reached XP level 1. HP: 10/10 MP: 2/2
   103 | D:1      | XOM: potion effect (invisibility)
   198 | D:1      | XOM: 4-stop teleportation journey
   303 | D:1      | Reached XP level 2. HP: 14/14 MP: 3/3
   344 | D:1      | Reached skill level 1 in Stealth
   353 | D:1      | XOM: butterfly on damage
   652 | D:1      | XOM: noise
  1149 | D:1      | Reached XP level 3. HP: 11/17 MP: 4/4
  1155 | D:1      | XOM: smoke on damage
  1314 | D:1      | XOM: give mutation
  1314 | D:1      | Gained mutation: You are frail. (-10% HP) [Xom's mischief]
  1515 | D:1      | XOM: give mutations
  1515 | D:1      | Gained mutation: You have a pair of small antennae on your
                  | head. [Xom's mischief]
  1515 | D:1      | Gained mutation: You are very frail. (-20% HP) [Xom's
                  | mischief]
  1515 | D:1      | Gained mutation: You occasionally shout uncontrollably at
                  | your foes. [Xom's mischief]
  1515 | D:1      | Gained mutation: You sometimes lose the ability to read
                  | scrolls when taking damage. [Xom's mischief]
  2003 | D:2      | XOM: god gift: robe {god gift}
  2042 | D:2      | Noticed Robin
  2056 | D:2      | Slain by a goblin

Illustrated notes

Levels and vault maps discovered:
D:1:      minmay_arrival_loop, layout_loops_ring
D:2:      layout_basic, basic_altar, uniq_robin

Skill      XL: |  1  2  3 |
---------------+----------+-----
Stealth        | 1 2 |  2.2
Fighting       | |  3.4
Dodging        | |  3.5
Unarmed Combat | |  3.7

Action                   || total
-------------------------++-------
Melee: Unarmed           ||   121
       Bite              ||    11
       Punch             ||     3
  Use: Scroll            ||     1
       Potion            ||     2
 Stab: Invisible         ||     2
       Sleeping          ||     3
Armor: Skin              ||     9
Dodge: Dodged            ||   100

Table legend: (Time is in decaauts)
 A = Elapsed time spent in this place.
 B = Non-inter-level travel time spent in this place.
 C = Inter-level travel time spent in this place.
 D = Time resting spent in this place.
 E = Time spent auto-exploring this place.
 F = Levels seen in this place.
 G = Mean time per level.
                   A        B        C        D        E       F      G
               +--------+--------+--------+--------+--------+-----+--------+
         Total |   1870 |   1803 |     67 |    217 |   1286 |   2 |  935.0 |
       Dungeon |   1870 |   1803 |     67 |    217 |   1286 |   2 |  935.0 |
               +--------+--------+--------+--------+--------+-----+--------+

Top non-repeatable levels by time:
     D:1: 1675 daAuts
     D:2: 195 daAuts
